 Dungeon Crawl Stone Soup version 0.31-a0-246-g8cbcc1cb85 (webtiles) character file.

Game seed: 11617732458926866137

358 Dittersdorf the Trooper (level 6, -3/40 HPs)
             Began as a Gargoyle Fighter on July 12, 2023.
             Slain by an ogre
             ... wielding a +0 giant club
              (18 damage)
             ... on level 4 of the Dungeon.
             The game lasted 00:04:37 (2687 turns).

Dittersdorf the Trooper (Gargoyle Fighter)          Turns: 2687, Time: 00:04:38

Health: -3/40      AC: 15    Str: 21    XL:     6   Next: 64%
Magic:  6/6        EV:  8    Int:  9    God:
Gold:   146        SH:  4    Dex:  9    Spells: 5/5 levels left

rFire   . . .        a - +0 flail
rCold   . . .        c - +0 buckler
rNeg    + . .        n - +0 chain mail
rPois   ∞            (no helmet)
rElec   +            (no cloak)
rCorr   .            (no gloves)
SInv    .            r - +0 pair of boots
Will    .....        (no amulet) Stlth
                     f - ring of flight
HPRegen 0.26/turn    (no ring)
MPRegen 0.10/turn

%: no passive effects
@: flying
A: sickness immunity, AC +4, negative energy resistance 1, electricity
resistance, torment resistance 1, petrification resistance
a: no special abilities


You were on level 4 of the Dungeon.
You visited 1 branch of the dungeon, and saw 4 of its levels.

You collected 146 gold pieces.

Inventory:

Hand Weapons
 a - a +0 flail (weapon)
Missiles
 m - 5 poisoned darts
Armour
 c - a +0 buckler (worn)
 n - a +0 chain mail (worn)
 r - a +0 pair of boots (worn)
Jewellery
 f - a ring of flight (left hand)
Wands
 q - a wand of flame (8)
Scrolls
 g - 2 scrolls of poison {unknown}
 i - a scroll of blinking
 p - 2 scrolls of teleportation
Potions
 b - a potion of heal wounds
 d - 2 potions of might
 e - a potion of mutation {unknown}
 h - 2 potions of lignification {unknown}
 j - a potion of ambrosia
 o - 3 potions of resistance
 s - a potion of berserk rage
 u - 2 potions of haste
 v - a potion of curing


   Skills:
 + Level 4.9 Fighting
 + Level 3.7 Maces & Flails
 + Level 4.9 Armour
 + Level 4.8 Shields


You had 5 spell levels left.
You didn't know any spells.
Your spell library contained the following spells:

 Spells                   Type           Power      Damage    Failure   Level
 Kiss of Death            Conj/Necr      0%         2d5       97%         1
 Sandblast                Erth           0%         2d4       97%         1
 Blink                    Tloc           0%         N/A       99%         2
 Passwall                 Tmut/Erth      0%         N/A       99%         2
 Confusing Touch          Hex            0%         N/A       100%        3
 Stone Arrow              Conj/Erth      0%         3d7       100%        3
 Summon Guardian Golem    Hex/Summ       0%         N/A       100%        3
 Dispel Undead            Necr           0%         3d6       100%        4
 Manifold Assault         Tloc           0%         N/A       100%        4
 Orb of Destruction       Conj           0%         9d5       100%        7
 Spellforged Servitor     Conj/Summ      0%         N/A       100%        7


Dungeon Overview and Level Annotations

Branches:
Dungeon (4/15)
 Temple: D:4-7

Altars:


Innate Abilities, Weirdness & Mutations

You are immune to sickness and miasma.
Your stone body is resilient. (AC +4)
You are immune to poison.
You resist negative energy. (rN+)
You are resistant to electric shocks. (rElec)
You are resistant to unholy torment.
You are immune to petrification.


Message History

You kill the quokka!
No target in view!
Found a dagger.
You see here a quokka corpse.
An ogre comes into view. It is wielding a +0 giant club.
The ogre shouts!
You block the ogre's attack.
You hit the ogre.
The ogre is lightly wounded.
You hit the ogre.
The ogre is lightly wounded.
You block the ogre's attack.
You hit the ogre.
The ogre is moderately wounded.
The ogre hits you with a +0 giant club!
You barely miss the ogre.
The ogre is moderately wounded.
The ogre hits you with a +0 giant club.
You hit the ogre but do no damage.
The ogre is moderately wounded.
The ogre hits you with a +0 giant club!
You are too injured to fight recklessly!
You are too injured to fight recklessly!
You are too injured to fight recklessly!
You are too injured to fight recklessly!
You are too injured to fight recklessly!
You are too injured to fight recklessly!
You are too injured to fight recklessly!
You are too injured to fight recklessly!
You are too injured to fight recklessly!
You are too injured to fight recklessly!
You are too injured to fight recklessly!
You are too injured to fight recklessly!
You are too injured to fight recklessly!
You are too injured to fight recklessly!
You are too injured to fight recklessly!
You sock the ogre!
The ogre is severely wounded.
The ogre hits you with a +0 giant club!!
You die...

####### #.....#
#.....# #.....# ...#
###.....# ....#
......O.# #....#
.......@# #....# .
........####..).#
#####
...####........#
#<..# . #...........#
#...# #....#......#
....# #....#......#
#...# #....#......#
#...# #....#......#
#...#...
######.....†#########


You could see an ogre.

Vanquished Creatures
  A scorpion (D:3)
  Jessica (D:2)
  Terence (D:2)
  2 orc wizards
  7 gnolls
  5 adders
  An ufetubus (D:4)
  A worm (D:2)
  11 orcs
  6 ball pythons
  6 endoplasms
  2 giant cockroaches (D:4)
  5 goblins
  2 hobgoblins (D:1)
  6 jackals
  5 kobolds
  A quokka (D:4)
  7 bats
  4 frilled lizards
  3 rats (D:1)
77 creatures vanquished.

Notes
Turn   | Place    | Note
-------+----------+-------------------------------------------
     0 | D:1      | Dittersdorf the Gargoyle Fighter began the quest for the
                  | Orb.
     0 | D:1      | Reached XP level 1. HP: 14/14 MP: 1/1
   116 | D:1      | Reached XP level 2. HP: 19/19 MP: 2/2
   461 | D:2      | Reached XP level 3. HP: 24/24 MP: 3/3
   718 | D:2      | Reached XP level 4. HP: 29/29 MP: 4/4
   746 | D:2      | Noticed Terence
   774 | D:2      | Killed Terence
   992 | D:2      | Noticed Jessica
   997 | D:2      | Killed Jessica
   998 | D:2      | Reached XP level 5. HP: 26/33 MP: 5/5
  1271 | D:2      | Found a faded altar of an unknown god.
  2070 | D:3      | Reached XP level 6. HP: 34/39 MP: 6/6
  2507 | D:4      | HP: 2/40 [orc wizard/+0 dagger (1)]
  2687 | D:4      | Slain by an ogre

Illustrated notes

Levels and vault maps discovered:
D:1:      saegor_arrival_under_anarchy, layout_rooms, due_unseen_surprise
D:2:      layout_basic, shapermc_ecumenical_altar_mp_ritualfount, uniq_jessica,
          uniq_terence
D:3:      layout_basic
D:4:      layout_gridville, mainiacjoe_overflow_six_doors_small, uniq_menkaure

Skill      XL: |  1  2  3  4 |
---------------+-------------+-----
Fighting       | 4 |  4.9
Armour         | 4 |  4.9
Shields        | 4 |  4.8
Maces & Flails | 3 |  3.7

Action                     |  1- 3 |  4- 6 || total
---------------------------+-------+-------++-------
  Melee: Flail             |   109 |   205 ||   314
    Use: Scroll            |       |    10 ||    10
 Armour: Scale mail        |   109 |    13 ||   122
         Chain mail        |       |   164 ||   164
  Dodge: Dodged            |   104 |    96 ||   200
  Block: Buckler           |    42 |    42 ||    84

Table legend: (Time is in decaauts)
 A = Elapsed time spent in this place.
 B = Non-inter-level travel time spent in this place.
 C = Inter-level travel time spent in this place.
 D = Time resting spent in this place.
 E = Time spent auto-exploring this place.
 F = Levels seen in this place.
 G = Mean time per level.
                   A        B        C        D        E       F      G
               +--------+--------+--------+--------+--------+-----+--------+
         Total |   2780 |   2663 |    117 |    511 |   1391 |   4 |  695.0 |
       Dungeon |   2780 |   2663 |    117 |    511 |   1391 |   4 |  695.0 |
               +--------+--------+--------+--------+--------+-----+--------+

Top non-repeatable levels by time:
     D:3: 893 daAuts
     D:2: 806 daAuts
     D:1: 584 daAuts
     D:4: 496 daAuts
